 Dungeon Crawl Stone Soup version 0.19.4-9-g45fd643 (webtiles) character file.

16486 protoss039 the Destroyer (level 12, 0/111 HPs)
             Began as a Yellow Draconian Conjurer on Feb 18, 2017.
             Was a High Priest of Vehumet.
             Succumbed to a killer bee's poison
             ... on level 11 of the Dungeon.
             The game lasted 01:23:49 (15776 turns).

protoss039 the Destroyer (DrCj)                    Turns: 15776, Time: 01:23:50

Health: 0/111      AC: 12    Str: 16    XL:     12   Next: 10%
Magic:  3/24       EV: 13    Int: 24    God:    Vehumet [*****.]
Gold:   714        SH:  0    Dex:  9    Spells: 7 memorised, 5 levels left

rFire  + . .     SeeInvis +     B - +3 whip (elec)
rCold  + . .     Gourm    .     (armour unavailable)
rNeg   . . .     Faith    .     (no shield)
rPois  +         Spirit   .     v - +0 hat {MR+}
rElec  +         Reflect  .     u - +0 cloak (curse)
rCorr  +         Harm     .     q - +0 pair of gloves
MR     +....                    g - +1 pair of boots
Stlth  +.........               (no amulet)
                                o - +2 ring of evasion
                                s - ring of see invisible

@: mighty, brilliant, lethally poisoned (0 -> -3), resistant, slightly
contaminated, hasted, repel missiles, heavily drained, very quick
A: spit acid, acid resistance, unfitting armour, hooves 1, stinger 1, clumsy 1,
dopey 1, electricity resistance, no device heal 1, cold-blooded, AC +8
a: Spit Acid, Renounce Religion


You were on level 11 of the Dungeon.
You worshipped Vehumet.
Vehumet was extremely pleased with you.
You were near starving.

You visited 2 branches of the dungeon, and saw 12 of its levels.
You also visited: Sewer, Ossuary and Bailey.

You collected 804 gold pieces.
You spent 90 gold pieces at shops.

Inventory:

Hand Weapons
 t - a +3 scythe
 B - a +3 whip of electrocution (weapon)
 F - a +2 morningstar of draining
Armour
 g - a +1 pair of boots (worn)
 q - a +0 pair of gloves (worn)
 u - a cursed +0 cloak (worn)
 v - a +0 hat of magic resistance (worn)
Jewellery
 l - an uncursed ring of stealth
 o - a +2 ring of evasion (right hand)
 s - a ring of see invisible (left hand)
Wands
 f - a wand of enslavement (10/24)
 k - a wand of acid (6/15)
 I - a wand of polymorph (10/24)
Scrolls
 c - 2 scrolls of enchant armour
 e - 5 scrolls of remove curse
 h - 2 scrolls of fear {unknown}
 i - 3 scrolls of identify
 m - a scroll of magic mapping
 w - a scroll of blinking
 y - 8 scrolls of teleportation
 z - a scroll of vulnerability {unknown}
 C - 2 scrolls of recharging {unknown}
Potions
 d - 3 potions of cancellation
 r - a potion of flight
 D - a potion of agility
 H - 2 potions of haste
 K - a potion of brilliance
Books
 a - a book of Conjurations

   Spells                             Type                      Level
   a - Magic Dart                     Conjuration                  1
   b - Searing Ray                    Conjuration                  2
   c - Dazzling Spray                 Conjuration/Hexes            3
   d - Fulminant Prism                Conjuration/Hexes            4
   e - Iskenderun's Mystic Blast      Conjuration                  4
   f - Iskenderun's Battlesphere      Conjuration/Charms           5
 G - a book of Air

   Spells                             Type                      Level
   a - Shock                          Conjuration/Air              1
   b - Swiftness                      Charms/Air                   2
   c - Repel Missiles                 Charms/Air                   2
   d - Static Discharge               Conjuration/Air              3
   e - Lightning Bolt                 Conjuration/Air              5
Comestibles
 b - 9 bread rations
 j - 3 beef jerkies
 n - 7 slices of pizza
 p - 3 meat rations
 x - 3 chunks of flesh


   Skills:
 - Level 11.6(8.9) Fighting
 - Level 1.0(0.0) Polearms
 - Level 1.7(0.0) Dodging
 - Level 1.7(0.0) Stealth
 + Level 8.5(5.9) Spellcasting
 - Level 12.7(9.9) Conjurations
 + Level 6.7(4.3) Air Magic


You had 5 spell levels left.
You knew the following spells:

 Your Spells              Type           Power        Failure   Level  Hunger
a - Magic Dart            Conj           ####         1%          1    None
b - Searing Ray           Conj           ######       1%          2    None
c - Iskenderun's Mystic   Conj           ######..     1%          4    ###....
d - Fulminant Prism       Conj/Hex       #####.....   1%          4    ###....
e - Iskenderun's Battles  Conj/Chrm      #####...     4%          5    #####..
f - Repel Missiles        Chrm/Air       ####..       1%          2    None
g - Irradiate             Conj/Tmut      #####.....   4%          5    #####..


Dungeon Overview and Level Annotations

Branches:
Dungeon (11/15)            Temple (1/1) D:5            Lair (0/6) D:9
    Orc: D:9-12

Altars:
Cheibriados
Dithmenos
Elyvilon
Gozag
Kikubaaqudgha
Nemelex Xobeh
Okawaru
Qazlal
Ru
Sif Muna
Trog
Vehumet
Xom
Yredelemnul
The Shining One

Shops:
D:4 }   D:7 (   D:8 ?   D:10 (

Annotations:
D:1 1 exclusion
D:6 2 exclusions


Innate Abilities, Weirdness & Mutations

You can spit globs of acid.
You are resistant to acid.
Your golden yellow scales are hard. (AC +8)
You cannot fit into any form of body armour.
You are cold-blooded and may be slowed by cold attacks.
You have large cloven feet.
Your tail ends in a poisonous barb.
You are clumsy. (Dex -2)
You are dopey. (Int -2)
You are resistant to electric shocks. (rElec)
Potions and wands are less effective at restoring your health.


Message History

Okay, then.
It was a potion of resistance.
You feel protected.
* * * LOW HITPOINT WARNING * * *
You feel sick.
Unknown command.
It was a potion of mutation.
You feel extremely strange.
You feel insulated.
Your system partially rejects artificial healing.
Unknown command.
Okay, then.
Okay, then.
Okay, then.
Okay, then.
Blink to where?
Press: ? - help, Dir - move target cursor
As you read the scroll of blinking, it crumbles to dust.
Unknown command.
A yak comes into view.
You die...

.....................
#....................
..[..#.#.##.###.#.#
#.#... #.#.##.# .#.#
##...Y. #.#.##.# #
......#.#...##.#
#....#........#
##....####..########.
#........##..@........
#.#.#....')..#.######
#.#.#.#....###.#.##
..........'......#
###......###....#
#...)..# ##...#
#......# #...#
#.#....# ##..#
#.#....#####.ยง#


You could see a yak (wandering).

Vanquished Creatures
  Gastronok (D:8)
  The ghost of palomides the Fighter, a novice MiFi of Trog (Bailey)
  A hill giant (D:10)
  Pikel (D:5)
  A deep elf mage (D:10)
  An ugly thing (D:11)
  A gargoyle (D:10)
  A komodo dragon (D:9)
  2 trolls
  Grinder (D:5)
  Prince Ribbit (D:7)
  4 hippogriffs
  Sigmund (D:2)
  A shadow (D:11)
  13 yaks
  A human (D:8)
  2 hogs (D:8)
  2 hungry ghosts (D:9)
  Eustachio (D:5)
  Grum (D:8)
  2 soldier ants (D:10)
  Edmund (D:6)
  A black bear (D:8)
  2 sky beasts (D:6)
  4 ice beasts
  3 necrophages
  2 phantoms
  6 ogres
  4 wolves (D:8)
  10 centaurs
  A crocodile (D:9)
  2 big kobolds
  3 bullfrogs
  8 gnoll sergeants (Bailey)
  7 killer bees
  16 wights
  A centaur zombie (D:10)
  4 crimson imps
  6 orc priests
  A bullfrog zombie (D:7)
  2 jellies
  2 centaur skeletons
  11 gnoll shamans
  10 hounds
  3 iguanas
  2 bullfrog skeletons
  9 orc wizards
  9 worker ants
  A hound zombie (D:7)
  2 hound skeletons
  8 mummies (Ossuary)
  A worker ant zombie (D:7)
  47 gnolls
  A howler monkey skeleton (D:3)
  14 adders
  An ooze (D:1)
  An adder zombie (D:6)
  2 adder skeletons
  4 worms
  2 dart slugs (D:1)
  6 leopard geckos
  23 orcs
  9 giant cockroaches
  A gnoll zombie (Ossuary)
  9 goblins
  15 hobgoblins
  24 jackals
  4 quokkas
  3 ball pythons
  15 bats
  21 frilled lizards
  A jackal skeleton (D:5)
  21 kobolds
  3 kobold zombies (Ossuary)
  4 orc zombies (Ossuary)
  A quokka skeleton (D:5)
  18 rats
  A plant (D:9)
433 creatures vanquished.

Vanquished Creatures (others)
  2 slaves (D:5)
  A crimson imp (D:5)
  An adder (D:5)
  An adder skeleton (D:5)
  47 fulminant prisms
  A plant (D:9)
53 creatures vanquished.

Grand Total: 486 creatures vanquished

Notes
Turn   | Place    | Note
-------+----------+-------------------------------------------
     0 | D:1      | protoss039 the Draconian Conjurer began the quest for the Orb.
     0 | D:1      | Reached XP level 1. HP: 14/14 MP: 3/3
   208 | D:1      | Reached XP level 2. HP: 17/20 MP: 0/5
   511 | D:1      | Learned a level 2 spell: Searing Ray
   707 | D:1      | Reached skill level 5 in Conjurations
   762 | D:1      | Reached XP level 3. HP: 26/26 MP: 1/6
  1032 | D:2      | Noticed Sigmund
  1486 | D:2      | Reached XP level 4. HP: 31/33 MP: 7/7
  1495 | D:2      | Learned a level 4 spell: Iskenderun's Mystic Blast
  1899 | D:2      | Killed Sigmund
  1899 | D:2      | Reached skill level 7 in Conjurations
  1899 | D:2      | Reached XP level 5. HP: 35/38 MP: 2/8
  2358 | D:3      | Reached XP level 6. HP: 45/45 MP: 3/9
  2386 | D:3      | Reached skill level 1 in Fighting
  3127 | D:3      | Reached skill level 1 in Polearms
  3483 | D:4      | Your scales start taking on a golden yellow colour.
  3483 | D:4      | Reached XP level 7. HP: 37/60 MP: 10/10
  3530 | D:4      | Reached skill level 5 in Fighting
  3676 | D:4      | Found a glowing drain.
  3683 | Sewer    | Entered a sewer
  4150 | D:4      | Found Xunwom's Gadget Boutique.
  4265 | D:5      | Entered Level 5 of the Dungeon
  4290 | D:5      | Noticed Pikel
  4311 | D:5      | Killed Pikel
  4311 | D:5      | Reached XP level 8. HP: 35/73 MP: 0/11
  4387 | D:5      | Noticed Grinder
  4389 | D:5      | Killed Grinder
  4389 | D:5      | Reached skill level 8 in Conjurations
  4553 | D:5      | Found a sand-covered staircase.
  4617 | Ossuary  | Entered an ossuary
  5544 | D:5      | Noticed Eustachio
  5559 | D:5      | Killed Eustachio
  5572 | D:5      | Found a staircase to the Ecumenical Temple.
  5864 | Temple   | Entered the Ecumenical Temple
  5887 | Temple   | Became a worshipper of Vehumet
  6133 | D:6      | Learned a level 4 spell: Fulminant Prism
  6277 | D:6      | Reached XP level 9. HP: 70/84 MP: 1/12
  6369 | D:6      | Reached * piety under Vehumet
  6369 | D:6      | Offered knowledge of Shock by Vehumet.
  6375 | D:6      | Reached skill level 9 in Conjurations
  6689 | D:6      | Reached skill level 10 in Fighting
  7057 | D:6      | Gained mutation: You are dopey. (Int -2) [mutagenic meat]
  7058 | D:6      | Gained mutation: You are clumsy. (Dex -2) [mutagenic meat]
  7059 | D:6      | Gained mutation: Your tail ends in a poisonous barb. [mutagenic meat]
  7060 | D:6      | Gained mutation: You have large cloven feet. [mutagenic meat]
  7108 | D:6      | Noticed Edmund
  7131 | D:6      | Killed Edmund
  7131 | D:6      | Offered knowledge of Freeze by Vehumet.
  7773 | D:6      | Reached ** piety under Vehumet
  8699 | D:7      | Found Sitappul's Antique Weapon Shop.
  8742 | D:7      | Noticed Prince Ribbit
  8743 | D:7      | Reached skill level 10 in Conjurations
  8768 | D:8      | Reached XP level 10. HP: 34/97 MP: 3/13
  9113 | D:8      | Offered knowledge of Throw Flame by Vehumet.
  9170 | D:8      | Found Taymich's Magic Scroll Shoppe.
  9178 | D:8      | Bought a scroll of teleportation for 45 gold pieces
  9178 | D:8      | Bought a scroll of remove curse for 45 gold pieces
  9343 | D:7      | Killed Prince Ribbit
  9709 | D:8      | Noticed Grum
  9723 | D:8      | Killed Grum
  9882 | D:8      | Reached *** piety under Vehumet
  9916 | D:8      | Reached skill level 11 in Conjurations
 11028 | D:7      | Offered knowledge of Mephitic Cloud by Vehumet.
 11035 | D:7      | Learned a level 5 spell: Iskenderun's Battlesphere
 11320 | D:7      | Reached skill level 12 in Conjurations
 11952 | D:8      | Noticed Gastronok
 11971 | D:8      | Killed Gastronok
 11971 | D:8      | Reached skill level 5 in Spellcasting
 11971 | D:8      | Reached XP level 11. HP: 42/104 MP: 7/19
 12232 | D:9      | Learned a level 2 spell: Repel Missiles
 12551 | D:9      | Found a staircase to the Lair.
 12712 | D:9      | Reached **** piety under Vehumet
 12718 | D:9      | Reached skill level 1 in Air Magic
 13183 | D:10     | Entered Level 10 of the Dungeon
 13228 | D:10     | Offered knowledge of Irradiate by Vehumet.
 13417 | D:10     | Found Naont's Antique Weapon Emporium.
 13436 | D:10     | Noticed a deep elf mage
 13441 | D:10     | Killed a deep elf mage
 13482 | D:10     | Learned a level 5 spell: Irradiate
 13608 | D:10     | Found a flagged portal.
 13711 | D:10     | Noticed a hill giant
 13718 | D:10     | Killed a hill giant
 13718 | D:10     | Reached skill level 5 in Air Magic
 13791 | Bailey   | Entered a bailey
 13791 | Bailey   | Noticed palomides's ghost (novice MiFi)
 13811 | Bailey   | Killed palomides's ghost
 14154 | Bailey   | Reached ***** piety under Vehumet
 14173 | Bailey   | Offered knowledge of Poison Arrow by Vehumet.
 15069 | D:11     | Noticed a cyan ugly thing
 15078 | D:11     | Killed a white ugly thing
 15078 | D:11     | Reached XP level 12. HP: 43/111 MP: 7/24
 15771 | D:11     | HP: 4/111 [killer bee (10)]
 15772 | D:11     | HP: 1/111 [poisoned by a killer bee]
 15774 | D:11     | Gained mutation: You are resistant to electric shocks. (rElec) [potion of mutation]
 15774 | D:11     | Gained mutation: Potions and wands are less effective at restoring your health. [potion of mutation]
 15776 | D:11     | Succumbed to a killer bee's poison

Skill      XL: |  1  2  3  4  5  6  7  8  9 10 11 |
---------------+----------------------------------+-----
Conjurations   | 5 7 8 10 12 | 12.7
Fighting       | 4 7 9 11 | 11.6
Polearms       | 1 |  1.0
Spellcasting   | 5 8 |  8.5
Air Magic      | 6 |  6.7
Dodging        | |  1.7
Stealth        | |  1.7

Action                   |  1- 3 |  4- 6 |  7- 9 | 10-12 || total
-------------------------+-------+-------+-------+-------++-------
Melee: Unarmed           |    20 |       |       |       ||    20
       Mace              |    44 |     4 |       |       ||    48
       Tailslap          |     4 |    13 |     8 |    20 ||    45
       Club              |     2 |       |       |       ||     2
       Scythe            |       |   118 |   149 |       ||   267
       Whip              |       |       |    83 |   244 ||   327
 Cast: Magic Dart        |    80 |    71 |   263 |   367 ||   781
       Searing Ray       |       |     4 |    12 |    14 ||    30
       Fulminant Prism   |       |       |    17 |    30 ||    47
       Iskenderun's Batt |       |       |       |    19 ||    19
       Irradiate         |       |       |       |    10 ||    10
       Repel Missiles    |       |       |       |     3 ||     3
       Iskenderun's Myst |       |       |       |     1 ||     1
 Abil: Spit Acid         |       |       |     5 |     7 ||    12
  Use: Scroll            |     1 |     2 |     6 |     9 ||    18
       Potion            |       |       |    14 |    10 ||    24
 Stab: Sleeping          |       |     3 |     2 |       ||     5
  Eat: Chunk             |     3 |     8 |    25 |    27 ||    63
       Beef jerky        |       |       |     2 |       ||     2
       Meat ration       |       |       |     1 |     1 ||     2
       Royal jelly       |       |       |     1 |       ||     1
       Fruit             |       |       |       |     2 ||     2
Armor: Skin              |    35 |    64 |   186 |   198 ||   483
Dodge: Dodged            |    75 |   132 |   237 |   402 ||   846
       Deflected         |       |       |       |    11 ||    11
